 Dungeon Crawl Stone Soup version 0.21.3-3-g218456f21e (webtiles) character file.

1087 Donald the Grappler (level 8, -3/53 HPs)
             Began as a Tengu Berserker on Oct 7, 2021.
             Was a Believer of Trog.
             Engulfed by a cloud of freezing vapour (17 damage)
             ... on level 6 of the Dungeon on Oct 8, 2021.
             The game lasted 00:50:12 (5451 turns).

Donald the Grappler (Tengu Berserker)               Turns: 5451, Time: 00:50:12

Health: -3/53      AC:  7    Str: 19    XL:     8   Next: 30%
Magic:  7/9        EV: 14    Int:  7    God:    Trog [**....]
Gold:   301        SH:  0    Dex: 15    Spells: 7/7 levels left

rFire    . . .     SeeInvis +     - Unarmed
rCold    . . .     Gourm    .   (no shield)
rNeg     . . .     Faith    .   c - +0 ring mail
rPois    .         Spirit   .   (helmet restricted)
rElec    .         Reflect  .   (no cloak)
rCorr    .         Harm     .   d - +1 pair of gloves
MR       ++...                  (boots unavailable)
Stlth    +.........             o - amulet of regeneration
HPRegen  1.57/turn              g - ring of see invisible
MPRegen  0.11/turn              (no ring)

@: flying quickly and evasively, regenerating, quick
A: beak, talons 3, able to fly 1
a: Berserk, Trog's Hand, Burn Spellbooks, Renounce Religion


You were on level 6 of the Dungeon.
You worshipped Trog.
Trog was pleased with you.
You were not hungry.

You visited 1 branch of the dungeon, and saw 6 of its levels.

You collected 301 gold pieces.

Inventory:

Armour
 c - a +0 ring mail (worn)
 d - a +1 pair of gloves (worn)
Jewellery
 g - a ring of see invisible (left hand)
 o - an amulet of regeneration (around neck)
Scrolls
 a - 3 scrolls of remove curse
 h - a scroll of blinking
 i - a scroll of magic mapping
 m - 3 scrolls of teleportation
Potions
 k - 2 potions of curing
 n - a potion of agility {unknown}
Comestibles
 b - 4 rations
 f - 3 chunks of flesh


   Skills:
 + Level 7.3 Fighting
 - Level 2.1 Armour
 - Level 2.1 Dodging
 + Level 8.1 Unarmed Combat


You had 7 spell levels left.
You didn't know any spells.

Dungeon Overview and Level Annotations

Branches:
Dungeon (6/15)
 Temple: D:4-7

Altars:
Cheibriados
Fedhas
Ru
Sif Muna
Wu Jian
Yredelemnul
Zin


Innate Abilities, Weirdness & Mutations

You have a beak for a mouth.
You have claws for feet.
You can fly.


Message History

Really walk into a travel-excluded area? [Y]es or [N]o only, please.
Really walk into a travel-excluded area?
Uppercase [Y]es or [N]o only, please.
Really walk into a travel-excluded area?
There is an open door here.
You swoop lightly up into the air.
You feel very comfortable in the air.
You feel somewhat more hungry.
Your skin crawls.
You feel resistant to hostile enchantments.
You feel somewhat more hungry.
Really fly into that cloud of freezing vapour?
Uppercase [Y]es or [N]o only, please.
Really fly into that cloud of freezing vapour?
You are engulfed in freezing vapours.
You are engulfed in freezing vapours.
You are engulfed in freezing vapours.
* * * LOW HITPOINT WARNING * * *
You are engulfed in freezing vapours.
You die...

#.....#..# #.# #.......
#....[..## #.. #.....#
#.####### ### #.....#
#.####################.....#
#..............[...........#
######################.....#
##§§§§§§§§§§§§§§§$$$$#....?#
##§###################....##
##.§§§§§§§§§§@§§§§§..#.####
###################'##.#
###################....#
######


There were no monsters in sight!

Vanquished Creatures
  An orc warrior (D:4)
  A phantom (D:4)
  3 ogres
  Blork the orc (D:4)
  A scorpion (D:5)
  3 crimson imps
  An orc priest (D:4)
  A hound (D:4)
  A jelly (D:5)
  3 orc wizards
  3 worker ants
  7 adders
  A shadow imp (D:6)
  An ooze (D:2)
  2 adder zombies (D:5)
  3 worms
  3 dart slugs
  3 leopard geckos
  22 orcs
  8 giant cockroaches
  4 goblins
  11 hobgoblins
  4 quokkas
  4 bats
  5 frilled lizards
  7 kobolds
  9 rats
113 creatures vanquished.

Notes
Turn   | Place    | Note
-------+----------+-------------------------------------------
     0 | D:1      | Donald the Tengu Berserker began the quest for the Orb.
     0 | D:1      | Reached XP level 1. HP: 14/14 MP: 2/2
   417 | D:1      | Reached XP level 2. HP: 19/19 MP: 3/3
   990 | D:2      | Reached XP level 3. HP: 23/23 MP: 4/4
  1017 | D:2      | Reached ** piety under Trog
  1017 | D:2      | Reached skill level 4 in Unarmed Combat
  1132 | D:2      | Found a sacrificial altar of Ru.
  1134 | D:2      | You fall through a shaft!
  1134 | D:3      | Found a basalt altar of Yredelemnul.
  1206 | D:2      | Found a snail-covered altar of Cheibriados.
  1489 | D:2      | Reached XP level 4. HP: 29/29 MP: 5/5
  2316 | D:3      | Gained mutation: You can fly. [Tengu growth]
  2316 | D:3      | Reached XP level 5. HP: 34/34 MP: 6/6
  2436 | D:3      | Reached skill level 5 in Unarmed Combat
  2839 | D:3      | Found a glowing silver altar of Zin.
  3006 | D:4      | Found a blossoming altar of Fedhas.
  3140 | D:4      | Reached skill level 5 in Fighting
  3225 | D:4      | Noticed an orc warrior
  3243 | D:4      | Killed an orc warrior
  3243 | D:4      | Reached XP level 6. HP: 40/40 MP: 3/7
  3386 | D:4      | Reached skill level 6 in Unarmed Combat
  3500 | D:4      | Found an ornate altar of the Wu Jian Council.
  3627 | D:4      | Noticed Blork the orc
  3630 | D:4      | Killed Blork the orc
  3630 | D:4      | Reached XP level 7. HP: 45/45 MP: 8/8
  3841 | D:4      | Reached *** piety under Trog
  4074 | D:5      | Entered Level 5 of the Dungeon
  4589 | D:5      | Reached skill level 7 in Unarmed Combat
  4997 | D:6      | Reached XP level 8. HP: 47/52 MP: 9/9
  5156 | D:6      | Reached skill level 8 in Unarmed Combat
  5304 | D:6      | Found a deep blue altar of Sif Muna.
  5451 | D:6      | Engulfed by a cloud of freezing vapour

Skill      XL: |  1  2  3  4  5  6  7  8 |
---------------+-------------------------+-----
Unarmed Combat | 4 5 6 7 8 |  8.1
Fighting       | 4 5 6 7 |  7.3
Armour         | |  2.1
Dodging        | |  2.1

Action                   |  1- 3 |  4- 6 |  7- 9 || total
-------------------------+-------+-------+-------++-------
Melee: Unarmed           |    60 |   105 |    95 ||   260
       Kick              |    17 |    34 |    37 ||    88
       Punch             |     2 |     3 |     2 ||     7
       Peck              |     7 |    16 |    13 ||    36
Invok: Berserk           |     3 |     6 |     2 ||    11
       Trog's Hand       |       |     4 |     5 ||     9
 Abil: Fly               |       |     4 |     4 ||     8
  Use: Scroll            |     5 |     5 |     4 ||    14
       Potion            |       |     1 |     2 ||     3
  Eat: Chunk             |     1 |     7 |     3 ||    11
       Ration            |     1 |     2 |     2 ||     5
Armor: Ring mail         |    10 |    27 |    19 ||    56
Dodge: Dodged            |    13 |    33 |    37 ||    83
